 Dungeon Crawl Stone Soup version 0.28.0-62-gf88900778d (webtiles) character file.

Game seed: 3820213784383004529

4403 tkbsonic5 the Firebug (level 10, -1/79 HPs)
             Began as a Human Cinder Acolyte on July 10, 2023.
             Was an Initiate of Ignis.
             Slain by an orc warrior
             ... wielding a +0 flail
              (12 damage)
             ... on level 7 of the Dungeon.
             The game lasted 00:26:55 (9704 turns).

tkbsonic5 the Firebug (Human Cinder Acolyte)        Turns: 9704, Time: 00:26:56

Health: -1/79      AC:  9    Str: 17    XL:     10   Next: 61%
Magic:  1/18       EV: 11    Int: 17    God:    Ignis [......]
Gold:   433        SH:  0    Dex:  8    Spells: 11/20 levels left

rFire   + . .      SeeInvis .   a - -1 hand axe (flame)
rCold   . . .      Faith    .   v - orb {*Rage} {Witch Of Wrath}
rNeg    . . .      Spirit   .   h - +0 ring mail
rPois   .          Reflect  .   n - +2 hat
rElec   .          Harm     .   g - +0 cloak
rCorr   .          Rampage  .   (no gloves)
Will    .....      Rage     20% (no boots)
Stlth   ..........              (no amulet)
HPRegen 0.23/turn               i - ring of flight
MPRegen 0.16/turn               (no ring)

@: flying
A: no striking features
a: Renounce Religion


You were on level 7 of the Dungeon.
You worshipped Ignis.
Ignis was noncommittal.
You visited 1 branch of the dungeon, and saw 7 of its levels.

You collected 433 gold pieces.

Inventory:

Hand Weapons
 a - a -1 hand axe of flaming (weapon)
 c - a +0 antimagic whip {IRON MAN WHIP}
 d - a +0 mace
 l - a +4 halberd
 m - a +0 dagger of venom
 p - a +6 spear
 t - a +0 short sword of speed
 B - a +1 battleaxe of freezing
Missiles
 f - a throwing net
 j - 37 bolts
 o - 39 sling bullets
 u - 5 poisoned darts
 w - 6 boomerangs
Armour
 b - a +0 robe
 e - a +0 leather armour
 g - a +0 cloak (worn)
 h - a +0 ring mail (worn)
 n - a +2 hat (worn)
 s - a +0 scale mail
 v - an orb of wrath (worn) {Witch Of Wrath}
 A - a +0 chain mail
Jewellery
 i - a ring of flight (left hand)
Wands
 k - a wand of paralysis (1)
Scrolls
 x - a scroll of enchant weapon {unknown}
Potions
 q - a potion of attraction {unknown}
 z - 2 potions of curing


   Skills:
 * Level 7.3 Fighting
 - Level 5.0(6.1) Axes
 - Level 4.3(5.4) Maces & Flails
 + Level 2.5(4.1) Polearms
 - Level 1.1 Throwing
 - Level 4.0 Armour
 - Level 2.7 Dodging
 - Level 5.9 Spellcasting
 - Level 0.6 Hexes
 - Level 1.0 Translocations
 * Level 7.4 Fire Magic
 - Level 0.7 Ice Magic
 - Level 2.4 Evocations


You had 11 spell levels left.
You knew the following spells:

 Your Spells              Type           Power      Damage    Failure   Level
a - Scorch                Fire           60%        2d8       1%          2
b - Blink                 Tloc           16%        N/A       22%         2
c - Lesser Beckoning      Tloc           8%         N/A       41%         3
d - Ensorcelled Hibernat  Hex/Ice        14%        N/A       26%         2

Your spell library contained the following spells:

 Spells                   Type           Power      Damage    Failure   Level
 Gell's Gravitas          Tloc           8%         N/A       41%         3
 Teleport Other           Tloc           8%         N/A       41%         3
 Iskenderun's Mystic Bla  Conj/Tloc      6%         2d4       87%         4
 Summon Ice Beast         Ice/Summ       6%         N/A       88%         4
 Fulminant Prism          Conj/Hex       3%         3d6       89%         4
 Lee's Rapid Deconstruct  Erth           2%         3d6*      99%         5
 Manifold Assault         Tloc           8%         N/A       99%         5
 Yara's Violent Unravell  Hex/Tmut       3%         3d4       99%         5
 Dispersal                Tloc           4%         N/A       100%        6
 Necromutation            Tmut/Necr      2%         N/A       100%        8


Dungeon Overview and Level Annotations

Branches:
Dungeon (8/15)
 Temple: D:4-7         Lair: D:8-11

Altars:
Elyvilon
Qazlal
Yredelemnul
The Shining One

Shops:
D:1 :   D:6 (

Annotations:
D:5 Duvessa


Message History

You hit the orc warrior but do no damage.
The orc warrior is heavily wounded.
The orc warrior is no longer more vulnerable to fire.
The orc warrior hits you with a +0 flail!
You barely miss the orc warrior.
The orc warrior is heavily wounded.
An orc comes into view. It is wielding a +0 morningstar.
The orc warrior hits you from afar with a +0 glaive!
The orc warrior hits you with a +0 flail!
* * * LOW HITPOINT WARNING * * *
You are too injured to fight recklessly!
You are too injured to fight recklessly!
Unknown command.
Okay, then.
An orc comes into view. It is wielding a +0 mace.
There is a stone staircase leading up here.
You fly upwards.
There is a stone staircase leading down here.
You are too injured to fight recklessly!
Casting: Scorch (safe; 1% risk of failure)
Confirm with . or Enter, or press ? or * to list all spells.
Flames lash the orc warrior.
The orc warrior is severely wounded.
The orc warrior's fire resistance burns away.
The orc warrior closely misses you.
You hit the orc warrior. You burn the orc warrior.
The orc warrior is severely wounded.
The orc warrior barely misses you.
You hit the orc warrior but do no damage.
The orc warrior is severely wounded.
The orc warrior is no longer more vulnerable to fire.
The orc warrior barely misses you.
You closely miss the orc warrior.
The orc warrior is severely wounded.
The orc warrior hits you with a +0 flail!
* * * LOW HITPOINT WARNING * * *
You hit the orc warrior but do no damage.
The orc warrior is severely wounded.
The orc warrior hits you with a +0 flail!
You die...

....#<...##....#...##
....#.....#.........##
..........##.........##
###.#......#..........# #
####.###.).........## #
#.###.)[.....#### ##
##............#### .#
#...###.##....#..##### .#
#..##.......@o.....#.# .#
#..#............#....####
.####..##........####.......##
........#........#####.......#
...###............##...##...##
.### ##...#<......##.#.##...#
## ###.####....##.#####..#
##.####....#..# #...#
#....##......#####..##


You could see an orc warrior.

Vanquished Creatures
  Gastronok (D:8)
  A hornet (D:8)
  Grinder (D:5)
  Grum (D:8)
  A wyvern (D:8)
  2 sky beasts
  3 ogres
  A necrophage (D:5)
  3 wolves (D:8)
  A phantom (D:5)
  A kobold brigand (D:8)
  A wyvern zombie (D:6)
  A gnoll sergeant (D:8)
  2 water moccasin zombies
  Dowan (D:5)
  A water moccasin skeleton (D:4)
  3 killer bees (D:5)
  4 wights
  5 howler monkeys (D:8)
  5 centaur zombies
  2 bullfrog zombies
  2 hounds (D:5)
  4 orc priests
  2 centaur skeletons
  Ijyb (D:5)
  2 scorpion zombies (D:5)
  An iguana (D:5)
  5 orc wizards
  4 howler monkey zombies
  8 gnolls
  3 howler monkey skeletons
  3 adders (D:6)
  A white imp (D:8)
  A worm (D:5)
  5 dart slugs
  17 orcs
  3 ball pythons (D:1)
  3 endoplasms (D:1)
  3 giant cockroaches (D:6)
  3 goblins (D:1)
  7 hobgoblins
  8 quokkas
  3 bats (D:1)
  2 frilled lizards (D:1)
  7 kobolds
  3 rats (D:1)
142 creatures vanquished.

Vanquished Creatures (others)
  45 foxfires
45 creatures vanquished.

Grand Total: 187 creatures vanquished

Notes
Turn   | Place    | Note
-------+----------+-------------------------------------------
     0 | D:1      | tkbsonic5 the Human Cinder Acolyte began the quest for the
                  | Orb.
     0 | D:1      | Reached XP level 1. HP: 18/18 MP: 2/2
   445 | D:1      | Reached XP level 2. HP: 24/24 MP: 3/3
  1407 | D:1      | Found Zaajyjem's Book Boutique.
  1425 | D:1      | Reached XP level 3. HP: 29/29 MP: 3/5
  1482 | D:1      | Learned a level 2 spell: Scorch
  1933 | D:1      | Reached XP level 4. HP: 35/35 MP: 1/6
  2067 | D:2      | You fall into a shaft and drop 2 floors!
  2181 | D:4      | Noticed an ogre
  2183 | D:4      | Killed an ogre
  2184 | D:4      | Reached XP level 5. HP: 17/42 MP: 6/8
  2464 | D:4      | Reached XP level 6. HP: 38/48 MP: 3/9
  3165 | D:4      | Found a stormy altar of Qazlal.
  3170 | D:5      | Entered Level 5 of the Dungeon
  3186 | D:5      | Noticed Ijyb
  3189 | D:5      | Paralysed by Ijyb for 6 turns
  3197 | D:5      | Paralysed by Ijyb for 2 turns
  3202 | D:5      | Killed Ijyb
  3203 | D:5      | Reached skill level 1 in Armour
  3642 | D:5      | Noticed Grinder
  3646 | D:5      | Paralysed by Grinder for 2 turns
  3651 | D:5      | Killed Grinder
  3652 | D:5      | Reached skill level 1 in Maces & Flails
  3652 | D:5      | Reached XP level 7. HP: 43/55 MP: 2/11
  4106 | D:5      | Reached skill level 5 in Fighting
  4106 | D:5      | Reached XP level 8. HP: 50/62 MP: 5/12
  4275 | D:5      | Reached skill level 1 in Dodging
  4504 | D:5      | Noticed Dowan
  4515 | D:5      | Killed Dowan
  4517 | D:5      | Noticed Duvessa
  4997 | D:5      | Got the Reference Book on the Frostbite and Changing
  5017 | D:5      | Reached skill level 5 in Fire Magic
  5122 | D:5      | Learned a level 2 spell: Blink
  5126 | D:5      | Learned a level 3 spell: Lesser Beckoning
  5129 | D:5      | Learned a level 2 spell: Ensorcelled Hibernation
  5679 | D:6      | Found Hived's Antique Weapon Emporium.
  6585 | D:6      | Reached XP level 9. HP: 11/68 MP: 10/14
  7026 | D:6      | Found a basalt altar of Yredelemnul.
  7097 | D:7      | Reached skill level 1 in Translocations
  7399 | D:7      | Found a flagged portal.
  8146 | D:7      | Found a glowing golden altar of the Shining One.
  8162 | D:7      | Found a white marble altar of Elyvilon.
  8634 | D:8      | Noticed Grum
  8650 | D:8      | Killed Grum
  8653 | D:8      | Reached skill level 1 in Evocations
  8854 | D:8      | Reached XP level 10. HP: 77/77 MP: 3/17
  8855 | D:8      | Reached skill level 5 in Spellcasting
  8916 | D:8      | Reached skill level 5 in Axes
  9076 | D:8      | Reached skill level 1 in Throwing
  9459 | D:8      | Noticed Gastronok
  9486 | D:8      | Killed Gastronok
  9704 | D:7      | Slain by an orc warrior

Illustrated notes

Levels and vault maps discovered:
D:1:      minmay_arrival_diagonal_passages, layout_basic, serial_shops,
          nicolae_shop_window_shopping
D:2:      layout_basic, minivault_5, minmay_misc_feat_four_crosses,
          uniq_terence, uniq_robin, uniq_natasha
D:4:      layout_basic, nicolae_overflow_hidden_temple,
          minmay_temple_entry_nine_rooms, uniq_pikel
D:5:      layout_basic, hangedman_decor_growths, minmay_misc_feat_enclosed,
          uniq_ijyb, uniq_duvessa, uniq_grinder
D:6:      layout_basic, nicolae_yredelemnul_corpse_copse, serial_shops,
          shop_statue, gup_sewer_entry_pipe, minmay_diced_spiral
D:7:      layout_cave_pools, mainiacjoe_overflow_swirl, enter_bailey_2,
          serial_column_ruins, column_ruins_grid_1, column_ruins_grid_1,
          column_ruins_grid_2, column_ruins_grid_4, column_ruins_grid_3
D:8:      minmay_chambers_of_fours, layout_loops_ring, special_room
          [special_room_orc], uniq_grum, uniq_gastronok

Skill      XL: |  1  2  3  4  5  6  7  8  9 10 |
---------------+-------------------------------+-----
Spellcasting   | 2 3 4 5 |  5.9
Fighting       | 4 5 6 7 |  7.3
Axes           | 4 5 |  5.0
Fire Magic     | 4 5 6 7 |  7.4
Armour         | 2 3 4 |  4.0
Maces & Flails | 1 2 3 4 |  4.3
Dodging        | 2 |  2.7
Translocations | 1 |  1.0
Evocations     | 1 2 |  2.4
Throwing       | 1 |  1.1
Polearms       | 2 |  2.5
Hexes          | |  0.6
Ice Magic      | |  0.7

Action                   |  1- 3 |  4- 6 |  7- 9 | 10-12 || total
-------------------------+-------+-------+-------+-------++-------
Melee: Hand axe          |    38 |       |    11 |    41 ||    90
       Mace              |    13 |    22 |    68 |       ||   103
       Punch             |       |     2 |       |       ||     2
       Morningstar       |       |    19 |       |       ||    19
       Whip              |       |     4 |       |       ||     4
       Spear             |       |       |       |    19 ||    19
 Cast: Scorch            |     7 |    32 |   142 |    42 ||   223
       Blink             |       |       |     2 |       ||     2
       Ensorcelled Hiber |       |       |     1 |       ||     1
Invok: Foxfire Swarm     |     2 |     2 |     1 |       ||     5
       Fiery Armour      |     2 |     2 |     1 |       ||     5
       Rising Flame      |       |       |     1 |       ||     1
Evoke: Wand              |       |       |    12 |     9 ||    21
  Use: Scroll            |     1 |     2 |     4 |     2 ||     9
       Potion            |       |       |    10 |     4 ||    14
 Stab: Invisible         |       |       |     1 |       ||     1
       Paralysed         |       |       |       |    10 ||    10
Armor: Robe              |     6 |       |       |       ||     6
       Leather armour    |    12 |    17 |    18 |       ||    47
       Scale mail        |       |       |    31 |       ||    31
       Skin              |       |       |    19 |       ||    19
       Ring mail         |       |       |    11 |    18 ||    29
Dodge: Dodged            |    30 |    32 |    79 |    28 ||   169
